 Dungeon Crawl Stone Soup version 0.29.1-12-g30fa7ad0bf (webtiles) character file.

Game seed: 17058079382803494188

1968 hawla the Arsonist (level 9, 0/67 HPs)
             Began as a Meteoran Fire Elementalist on Jan 12, 2023.
             Was a Follower of Vehumet.
             Shot with an arrow by a centaur (13 damage)
             ... on level 8 of the Dungeon.
             The game lasted 00:07:38 (1252 turns).

hawla the Arsonist (Meteoran Fire Elementalist)     Turns: 1252, Time: 00:07:38

Health: 0/67       AC:  2    Str: 11    XL:     9   Next: 70%
Magic:  15/21      EV: 13    Int: 21    God:    Vehumet [*.....]
Gold:   27         SH:  0    Dex: 14    Spells: 16/23 levels left

rFire   . . .      SeeInvis .   d - -3 demon whip
rCold   . . .      Faith    .   (no shield)
rNeg    + . .      Spirit   .   a - +0 robe
rPois   .          Reflect  .   (no helmet)
rElec   .          Harm     .   (no cloak)
rCorr   .          Rampage  .   (no gloves)
Will    ++...                   (no boots)
Stlth   +.........              (no amulet)
HPRegen 0.21/turn               b - ring of positive energy
MPRegen 0.17/turn               i - ring of willpower

@: glowing
A: sense surroundings 2, otherworldly, glowing, explore regen
a: Renounce Religion


You were on level 8 of the Dungeon.
You worshipped Vehumet.
Vehumet was aware of your devotion.
You visited 1 branch of the dungeon, and saw 8 of its levels.

You collected 211 gold pieces.
You spent 184 gold pieces at shops.

Inventory:

Hand Weapons
 d - a -3 demon whip (weapon)
Armour
 a - a +0 robe (worn)
Jewellery
 b - a ring of positive energy (left hand)
 i - a ring of willpower (right hand)
Wands
 e - a wand of acid (4)
 m - a wand of paralysis (6)
Scrolls
 j - a scroll of poison {unknown}
Potions
 c - a potion of invisibility {unknown}
 f - a potion of heal wounds {unknown}
 g - a potion of curing {unknown}
 h - a potion of flight {unknown}
 k - a potion of mutation {unknown}
 l - a potion of brilliance {unknown}


   Skills:
 + Level 2.0 Fighting
 + Level 3.3 Maces & Flails
 + Level 4.5 Dodging
 - Level 1.4 Stealth
 + Level 7.9 Spellcasting
 + Level 6.5 Conjurations
 + Level 8.2 Fire Magic
 + Level 3.0 Evocations


You had 16 spell levels left.
You knew the following spells:

 Your Spells              Type           Power      Damage    Failure   Level
a - Foxfire               Conj/Fire      100%       2x1d9     1%          1
b - Scorch                Fire           84%        2d9       1%          2
c - Flame Wave            Conj/Fire      39%        2d11      3%          4

Your spell library contained the following spells:

 Spells                   Type           Power      Damage    Failure   Level
 Shock                    Conj/Air       88%        1d8       1%          1
 Conjure Flame            Conj/Fire      39%        6-21      1%          3
 Inner Flame              Hex/Fire       25%        N/A       4%          3


Dungeon Overview and Level Annotations

Branches:
Dungeon (8/15) Zot: 3549   Temple (0/1) D:5
   Lair: D:8-11

Altars:
Ashenzari
Gozag
Vehumet
Yredelemnul

Shops:
D:4 *   D:8 [*[

Annotations:
D:7 Joseph


Innate Abilities, Weirdness & Mutations

You passively map the area around you.
You are easily found by Zot.
You glow in the dark.
You regain HP and MP as you explore.


Message History

The centaur shouts!
You hear a shout!
The centaur wields a +0 shortbow.
The centaur shoots an arrow.
The arrow barely misses you.
You hear a shout! x3
The centaur shoots an arrow.
The arrow barely misses you.
A white imp comes into view.
The centaur shoots an arrow.
The arrow barely misses you.
The centaur shoots an arrow.
The arrow barely misses you.
The centaur shoots an arrow.
The arrow barely misses you. The white imp misses you.
You closely miss the white imp.
The centaur shoots an arrow.
The arrow hits you!
You closely miss the white imp. The white imp hits you.
The white imp freezes you.
The centaur shoots an arrow.
The arrow hits you!
Casting: Flame Wave (dangerous; 3% risk of failure)
Confirm with . or Enter, or press ? or * to list all spells.
Casting: Flame Wave (dangerous; 3% risk of failure)
Press: ? - help, Dir - look around, f - activate A wave of flame ripples out!
The flame wave engulfs the white imp!
The white imp is burned terribly!
The white imp is severely wounded. (Press . to intensify the flame waves.)
You hear a shout!
The white imp closely misses you.
The centaur shoots an arrow.
The arrow hits you!
A wave of flame ripples out!
The flame wave engulfs the white imp.
The white imp is burned terribly!
You kill the white imp!
Vehumet accepts your kill.
The flame wave engulfs the centaur!
The centaur is heavily wounded.
The centaur shoots an arrow.
The arrow hits you!
* * * LOW HITPOINT WARNING * * *
The centaur shoots an arrow.
The arrow barely misses you.
A wave of flame ripples out!
The flame wave engulfs the centaur.
The centaur is severely wounded.
You finish channelling waves of flame.
An orc comes into view. It is wielding a +0 short sword.
The centaur shoots an arrow.
The arrow hits you!
You die...

,* * ##### * , #
...# ###.
####.###### ,
....#*#.........###
*
*#...##.##........##
# ,,
#....#.##.........#
# *
#...........##.#..#
#
#...c.......#..#..#
#
#.<.##@#.#..#.##..#
# *
#......#.#........#
# *
##.......##.......#
# ##'#########.#####
# #.o * #.# # * *
*#.., ##.## # , #..
, #...### # ... ,
###.....###### , , ,
+..............


You could see a centaur and an orc.

Vanquished Creatures
  A two-headed ogre (D:8)
  Sigmund (D:4)
  A steam dragon (D:8)
  2 water moccasins
  A black bear (D:6)
  An ogre (D:4)
  2 bullfrogs (D:8)
  2 necrophages (D:4)
  5 howler monkeys (D:8)
  2 hounds
  A gnoll bouda (D:7)
  3 orc wizards
  2 gnolls (D:7)
  4 adders (D:4)
  A white imp (D:8)
  2 dart slugs
  14 orcs
  2 bats
  4 endoplasms (D:4)
  A goblin (D:4)
  A hobgoblin (D:4)
  5 jackals (D:4)
  3 quokkas
  3 kobolds
64 creatures vanquished.

Vanquished Creatures (others)
  66 foxfires
  3 plants (D:8)
69 creatures vanquished.

Grand Total: 133 creatures vanquished

Notes
Turn   | Place    | Note
-------+----------+-------------------------------------------
     0 | D:1      | hawla the Meteoran Fire Elementalist began the quest for
                  | the Orb.
     0 | D:1      | Reached XP level 1. HP: 14/14 MP: 5/5
    75 | D:2      | Reached skill level 4 in Fire Magic
    75 | D:2      | Reached XP level 2. HP: 20/20 MP: 4/6
    78 | D:2      | Learned a level 2 spell: Scorch
   106 | D:4      | Noticed an ogre
   109 | D:4      | Killed an ogre
   110 | D:4      | Reached skill level 5 in Fire Magic
   110 | D:4      | Reached XP level 3. HP: 26/26 MP: 1/9
   110 | D:4      | Reached XP level 4. HP: 33/33 MP: 1/10
   110 | D:4      | Reached XP level 5. HP: 38/38 MP: 1/11
   115 | D:4      | Learned a level 4 spell: Flame Wave
   129 | D:4      | Noticed a necrophage
   132 | D:4      | Killed a necrophage
   162 | D:4      | Found Alenkodu's Lightly-Used Armoury.
   174 | D:4      | Bought a -3 demon whip for 1 gold piece
   179 | D:4      | Noticed a necrophage
   183 | D:4      | Reached XP level 6. HP: 39/45 MP: 7/12
   186 | D:4      | Reached skill level 5 in Conjurations
   269 | D:4      | Identified the +5 ring mail "Xyrafy" {rPois Dex+3}
   289 | D:4      | Noticed Sigmund
   296 | D:4      | Killed Sigmund
   297 | D:4      | Reached XP level 7. HP: 43/51 MP: 0/14
   330 | D:4      | Found a basalt altar of Yredelemnul.
   541 | D:4      | Found an opulent altar of Gozag.
   702 | D:5      | Entered Level 5 of the Dungeon
   841 | D:5      | Found a radiant altar of Vehumet.
   858 | D:5      | Became a worshipper of Vehumet
   895 | D:6      | Reached skill level 6 in Fire Magic
   912 | D:6      | Reached skill level 5 in Spellcasting
   912 | D:6      | Reached XP level 8. HP: 53/58 MP: 11/16
   943 | D:7      | Reached skill level 1 in Maces & Flails
   980 | D:7      | Noticed Joseph
  1044 | D:8      | Reached skill level 1 in Fighting
  1045 | D:8      | Reached skill level 7 in Fire Magic
  1057 | D:8      | Found Hudehegu's Assorted Antiques.
  1059 | D:8      | Noticed a steam dragon
  1064 | D:8      | Killed a steam dragon
  1065 | D:8      | Gained mutation: You passively map the area around you.
                  | [Meteoran growth]
  1065 | D:8      | Reached XP level 9. HP: 47/64 MP: 12/19
  1066 | D:8      | Bought a brown potion for 21 gold pieces
  1066 | D:8      | Bought a scroll labelled HAODERRI DISYA for 24 gold pieces
  1066 | D:8      | Bought a bubbling red potion for 21 gold pieces
  1066 | D:8      | Bought a fuming coppery potion for 21 gold pieces
  1066 | D:8      | Bought an ivory wand for 96 gold pieces
  1075 | D:8      | Noticed a two-headed ogre
  1079 | D:8      | Killed a two-headed ogre
  1080 | D:8      | Reached skill level 8 in Fire Magic
  1104 | D:8      | Reached skill level 1 in Evocations
  1129 | D:8      | Found Niock's Antique Armour Boutique.
  1133 | D:8      | Reached * piety under Vehumet
  1133 | D:8      | Offered knowledge of Shock by Vehumet.
  1146 | D:8      | Found Owoygen's Antique Armour Shop.
  1222 | D:8      | Found a broken altar of Ashenzari.
  1252 | D:8      | Shot with an arrow by a centaur

Illustrated notes

Levels and vault maps discovered:
D:1:      amcnicky_arrival_choice, layout_basic, serial_glass, glass_columns_b,
          glass_columns_a
D:2:      layout_loops_corners
D:3:      layout_rooms, grunt_dithmenos_smoke, kennysheep_okawaru_gauntlet,
          gammafunk_ghost_split, serial_shops, nicolae_shop_behind_doors,
          minmay_misc_feat_more_columns
D:4:      layout_basic, mainiacjoe_overflow_concentric_impassable,
          nicolae_gozag_cash_rules_everything_around_me, kennysheep_nub,
          minmay_shop_damaged, uniq_sigmund
D:5:      layout_layer_cave, vehumet_altar_wand_db, minmay_temple_entry_trees,
          uniq_duvessa
D:6:      layout_rooms, led_xom_imps, mainiacjoe_overflow_surrounded_room,
          kennysheep_generic_room_3, uniq_edmund
D:7:      layout_basic, overflow_temple_1_default, uniq_joseph
D:8:      layout_loops_corners, makhleb_altar_promises_db,
          nicolae_overflow_hidden_temple, serial_shops,
          nicolae_shop_overgrown_old_shop, nicolae_diamond_shop,
          nicolae_diamond_shop, shop, shop

Skill      XL: |  1  2  3  4  5  6  7  8  9 |
---------------+----------------------------+-----
Fire Magic     | 4 5 6 7 8 |  8.2
Dodging        | 3 4 |  4.5
Spellcasting   | 3 4 5 6 7 |  7.9
Conjurations   | 4 5 6 |  6.5
Maces & Flails | 2 3 |  3.3
Fighting       | 1 2 |  2.0
Evocations     | 3 |  3.0
Stealth        | |  1.4

Action                   |  1- 3 |  4- 6 |  7- 9 || total
-------------------------+-------+-------+-------++-------
Melee: Unarmed           |     4 |     1 |       ||     5
       Demon whip        |       |       |    17 ||    17
 Cast: Foxfire           |     6 |    16 |    20 ||    42
       Scorch            |     2 |     9 |    21 ||    32
       Flame Wave        |       |     2 |     8 ||    10
  Use: Potion            |       |     1 |       ||     1
       Scroll            |       |       |     4 ||     4
Armor: Robe              |     5 |     1 |     5 ||    11
Dodge: Dodged            |     4 |     4 |    31 ||    39
